 Seeded DCSS version 0.29.1-2-gbd0b4ee654 (webtiles) character file.

Game seed: 532233895244909119 (custom seed)

44 GigaChad the Shield-Bearer (level 3, -4/33 HPs)
             Began as a Minotaur Fighter on Nov 29, 2022.
             Slain by a gnoll
             ... wielding a +0 flail
              (6 damage)
             ... on level 2 of the Dungeon.
             The game lasted 00:01:05 (632 turns).

GigaChad the Shield-Bearer (Minotaur Fighter)        Turns: 632, Time: 00:01:06

Health: -4/33      AC:  8    Str: 22    XL:     3   Next: 41%
Magic:  2/2        EV: 10    Int:  5    God:
Gold:   71         SH:  5    Dex: 15    Spells: 2/2 levels left

rFire   . . .      SeeInvis .   a - +0 war axe
rCold   . . .      Faith    .   c - +0 buckler
rNeg    . . .      Spirit   .   b - +0 scale mail
rPois   .          Reflect  .   (helmet restricted)
rElec   .          Harm     .   e - +0 cloak
rCorr   .          Rampage  .   (no gloves)
Will    .....                   (no boots)
Stlth   ..........              (no amulet)
HPRegen 0.11/turn               g - +6 ring of dexterity
MPRegen 0.08/turn               (no ring)

@: no status effects
A: horns 2, retaliatory headbutt
a: no special abilities


You were on level 2 of the Dungeon.
You visited 1 branch of the dungeon, and saw 2 of its levels.

You collected 71 gold pieces.

Inventory:

Hand Weapons
 a - a +0 war axe (weapon)
Armour
 b - a +0 scale mail (worn)
 c - a +0 buckler (worn)
 e - a +0 cloak (worn)
Jewellery
 g - a +6 ring of dexterity (left hand)
 j - a ring of magical power
Scrolls
 i - a scroll of identify {unknown}
Potions
 d - a potion of might
 f - a potion of curing {unknown}
 h - 2 potions of haste {unknown}
 k - a potion of degeneration {unknown}


   Skills:
 + Level 4.0 Fighting
 + Level 2.8 Axes
 + Level 4.0 Armour
 + Level 1.1 Dodging
 + Level 4.3 Shields


You had 2 spell levels left.
You didn't know any spells.
Your spell library contained the following spells:

 Spells                   Type           Power      Damage    Failure   Level
 Chain Lightning          Conj/Air       0%         N/A       100%        9
 Fire Storm               Conj/Fire      0%         5d1       100%        9
 Shatter                  Erth           0%         3d5*      100%        9


Dungeon Overview and Level Annotations

Branches:
Dungeon (2/15)

Altars:

Annotations:
D:2 Sigmund


Innate Abilities, Weirdness & Mutations

You have a pair of horns on your head.
You reflexively headbutt those who attack you in melee.


Message History

A gnoll comes into view. It is wielding a +0 flail.
You're too confused to move!
The gnoll shouts!
You hear a shout!
A gnoll comes into view. It is wielding a +0 flail.
The kobold attacks as you move away! The kobold closely misses you.
You hit the kobold.
You kill the kobold!
A rat comes into view.
Sigmund points at you and mumbles some strange words.
The puff of flame hits you!
The rat moves out of view.
You're too confused to move!
You feel less confused.
The gnoll hits you from afar with a +0 spear.
Sigmund misses you.
A gnoll comes into view. It is wielding a +0 halberd.
The gnoll shouts!
The gnoll hits you with a +0 spear!
You see here a +0 short sword.
You slash Sigmund!
Sigmund is heavily wounded.
You slash the gnoll! Sigmund hits you but does no damage.
The gnoll hits you with a +0 spear.
You barely miss Sigmund.
Sigmund is heavily wounded.
You hit the gnoll.
Sigmund mumbles some strange words.
Sigmund flickers and vanishes!
Deactivating autopickup; reactivate with Ctrl-A.
The gnoll closely misses you. You furiously retaliate!
You headbutt the gnoll.
You kill the gnoll!
Your Dodging skill increases to level 1!
You hit something but do no damage. Your headbutt misses something.
Something hits you.
* * * LOW HITPOINT WARNING * * *
The gnoll hits you with a +0 flail.
* * * LOW HITPOINT WARNING * * *
A goblin comes into view. It is wielding a +0 club.
You closely miss something. You hit the gnoll. Something completely misses you.
You block the gnoll's attack. The gnoll hits you with a +0 flail.
You die...

♣♣#.........# .....#
#........<## .....#
#..........####.....#
#....................
#.....(......†.......
###.........#...>......
..........#####.###.##.
#.........# #..#
#.........# ##@#
#.........# #{g#
####.###### ##g# #.# gr
#.# ... #.# .#.. #..
.#.g# #.. .#..#


You could see 3 gnolls, a goblin and a rat.

Vanquished Creatures
  A gnoll (D:2)
  An adder (D:2)
  A ball python (D:1)
  A bat (D:1)
  2 endoplasms (D:1)
  A giant cockroach (D:1)
  A goblin (D:1)
  4 hobgoblins (D:1)
  3 jackals (D:1)
  3 kobolds
  A quokka (D:2)
  2 frilled lizards (D:1)
21 creatures vanquished.

Vanquished Creatures (others)
  A plant (D:1)
1 creature vanquished.

Grand Total: 22 creatures vanquished

Notes
Turn   | Place    | Note
-------+----------+-------------------------------------------
     0 | D:1      | GigaChad the Minotaur Fighter began the quest for the Orb.
     0 | D:1      | Reached XP level 1. HP: 19/19 MP: 0/0
   312 | D:1      | Reached XP level 2. HP: 27/27 MP: 1/1
   495 | D:1      | Identified a scroll of acquirement
   495 | D:1      | Acquired a +6 ring of dexterity
   618 | D:2      | Reached XP level 3. HP: 33/33 MP: 2/2
   622 | D:2      | Noticed Sigmund
   631 | D:2      | Reached skill level 1 in Dodging
   632 | D:2      | Slain by a gnoll

Illustrated notes

Levels and vault maps discovered:
D:1:      ncdulo_watergridlock, layout_basic, serial_forest,
          infiniplex_forest_corner_1, infiniplex_forest_clump_cross,
          infiniplex_forest_lined_2, infiniplex_forest_diagonal,
          infiniplex_forest_clump_diagonal
D:2:      layout_rooms, serial_bayou_crossing, uniq_sigmund

Skill      XL: |  1  2  3 |
---------------+----------+-----
Armour         | 4 |  4.0
Shields        | 4 |  4.3
Fighting       | 4 |  4.0
Dodging        | 1 |  1.1
Axes           | |  2.8

Action                   || total
-------------------------++-------
Melee: War axe           ||    36
       Headbutt          ||     5
  Use: Scroll            ||     1
Armor: Scale mail        ||    21
Dodge: Dodged            ||    26
Block: Buckler           ||     8
